 Dungeon Crawl Stone Soup version 0.13-a0-2236-g7be3fc8 (webtiles) character file.

14691 4tharraofdagon the Conjurer (level 12, -3/81 HPs)
             Began as a Gargoyle Fire Elementalist on July 4, 2013.
             Was the Champion of Sif Muna.
             Slain by a spiny frog (11 damage)
             ... on Level 8 of the Lair of Beasts.
             The game lasted 00:36:53 (5370 turns).

4tharraofdagon the Conjurer (GrFE)                  Turns: 5370, Time: 00:36:53

HP  -3/81        AC 14     Str 12      XL: 12   Next: 10%
MP   1/27        EV 10     Int 21      God: Sif Muna [******]
Gold 610         SH  0     Dex 10      Spells:  6 memorised,  6 levels left

Res.Fire  : . . .   See Invis. : .   h - +4,+0 elf long sword (protect)
Res.Cold  : + + .   Warding    : .   s - +3 leather armour {rC+} (curse)
Life Prot.: + . .   Conserve   : +   (no shield)
Res.Poison: .       Res.Corr.  : +   z - +0 cap
Res.Elec. : .       Clarity    : .   e - +0 cloak {rCorr, Cons}
Sust.Abil.: . .     Spirit.Shd : .   g - +1 pair of elf gloves
Res.Mut.  : .       Stasis     : .   (no boots)
Res.Rott. : .       Flight     : .   x - amulet of conservation
Saprovore : . . .                    (no ring)
                                     (no ring)

@: about to teleport, very slightly contaminated, hasted, very quick, somewhat
resistant to hostile enchantments, fairly stealthy
A: fangs 1, talons 2, cold resistance 1, life protection 1, slow metabolism 1,
petrification resistance, trample resistance
a: Channel Energy, Forget Spell, Renounce Religion


You were on level 8 of the Lair of Beasts.
You worshipped Sif Muna.
Sif Muna was exalted by your worship.
You were near starving.

You visited 3 branches of the dungeon, and saw 19 of its levels.
You also visited: Volcano.

You collected 650 gold pieces.
You spent 60 gold pieces at shops.

Inventory:

Hand weapons
 h - a +4,+0 elven long sword of protection (weapon)
Armour
 e - a +0 cloak of preservation (worn)
 g - a +1 pair of elven gloves (worn)
 s - a cursed +3 leather armour of cold resistance (worn)
 z - a +0 cap (worn)
 C - a +2 leather armour of cold resistance
Magical devices
 y - a wand of teleportation (1) {unknown}
 B - a wand of lightning (0)
 H - a wand of frost (10)
Comestibles
 b - a chunk of giant frog flesh
 c - 6 bread rations
 f - a lychee
 o - 3 chunks of giant frog flesh
 E - 2 meat rations
 F - 3 apples
 N - 3 chunks of giant frog flesh
 U - 2 rotting chunks of crocodile flesh
Scrolls
 d - 3 scrolls of amnesia {unknown}
 i - 2 scrolls of random uselessness {unknown}
 j - 2 scrolls of fog {unknown}
 k - 2 scrolls of identify
 l - 2 scrolls of noise
 q - 2 scrolls of magic mapping {unknown}
 t - a scroll of enchant weapon II {unknown}
 u - 2 scrolls of recharging {unknown}
 v - 2 scrolls of fear {unknown}
 A - 3 scrolls of teleportation
 G - a scroll of immolation {unknown}
 I - a scroll of curse jewellery {unknown}
 K - 3 scrolls of curse armour {unknown}
 L - a scroll of acquirement {unknown}
 M - a scroll of curse weapon {unknown}
Jewellery
 x - an amulet of conservation (around neck)
Potions
 n - a potion of magic
 p - a potion of curing
 r - 2 potions of brilliance
 w - a potion of restore abilities
 O - a potion of poison
 P - a potion of speed
 Q - a potion of degeneration
 R - a potion of slowing
 T - a potion of paralysis
Books
 a - Sif Muna's Disquisition on Blistering Conjuration
   (Sif Muna gifted it to you on level 8 of the Lair of Beasts)

   Spells                             Type                      Level
   Magic Dart                         Conjuration                  1
   Force Lance                        Conjuration                  2
   *Conjure Flame                     Conjuration/Fire             3
   *Bolt of Fire                      Conjuration/Fire             6
   Orb of Destruction                 Conjuration                  7
 m - a book of Changes

   Spells                             Type                      Level
   Beastly Appendage                  Transmutation                1
   Sticks to Snakes                   Transmutation                2
   Spider Form                        Transmutation/Poison         3
   Ice Form                           Ice/Transmutation            4
   Blade Hands                        Transmutation                5
Magical staves
 D - an uncursed staff of earth


   Skills:
 - Level 1.7 Dodging
 - Level 2.1 Stealth
 + Level 8.1 Spellcasting
 * Level 12.2 Conjurations
 * Level 10.8 Fire Magic
 - Level 9.1 Invocations


You had 6 spell levels left.
You knew the following spells:

 Your Spells              Type           Power        Failure   Level  Hunger
a - Flame Tongue          Conj/Fire      #####        1%          1    None
b - Conjure Flame         Conj/Fire      ######..     1%          3    None
c - Sticky Flame          Conj/Fire      ######..     1%          4    ###....
d - Fireball              Conj/Fire      ######....   1%          5    ####...
e - Cure Poison           Pois           #.........   12%         2    None
f - Bolt of Fire          Conj/Fire      ######....   12%         6    ######.


Dungeon Overview and Level Annotations

Branches:
Dungeon (10/27)            Temple (1/1) D:7            Lair (8/8) D:10
 Shoals (0/5) Lair:3        Snake (0/5) Lair:6
    Orc: D:6-11       Slime: Lair:6-8

Altars:
Ashenzari
Cheibriados
Elyvilon
Fedhas
Kikubaaqudgha
Makhleb
Nemelex Xobeh
Okawaru
Sif Muna
Trog
Vehumet
Xom
Yredelemnul
Zin
the Shining One

Shops:
D:6: [

Annotations
D:4 Prince Ribbit
Lair:2 Grabo's ghost, experienced DrTm; Harold


Innate Abilities, Weirdness & Mutations

You have very sharp teeth.
You have razor-sharp toenails.
Your flesh is cold resistant.
You resist negative energy.
You have a slow metabolism.
You are immune to petrification.
You are resistant to trampling.


Message History

You feel sick.
You are starving!
Drink which item? (? for menu, Esc to quit)
Okay, then.
Read which item? (? for menu, Esc to quit)
Okay, then.
Evoke which item? (* to show all) (? for menu, Esc to quit)
Okay, then.
Unknown command.
Drink which item? (? for menu, Esc to quit)
You feel better.
You are near starving!
Unknown command.
Drink which item? (? for menu, Esc to quit)
You feel better. The spiny frog stings you!
* * * LOW HITPOINT WARNING * * *
The redback barely misses you.
Unknown command.
The spiny frog stings you!
You die...

!..........###
.............##
...........%..######
.............##.##.####
....fff........#..#...####
....ff#.#...w.....#......#
...ffP..................##
......f.##....F.........##
.P≈PP...#.....@.........#
PF...≈...P..ss.........#
.≈P.......f........(#
..≈P.s.............##
P...................#
..≈≈....f..........#
Ps.................##
≈...............<...#
.................###


You could see a giant leech, a spiny frog and 3 redbacks.

Vanquished Creatures
  Erica (Lair:4)
  2 hydras
  A hill giant (D:10)
  A griffon (Lair:8)
  An elephant slug (D:10)
  A feature mimic (Lair:4)
  2 black mambas
  6 spiny frogs
  An elephant (D:10)
  An item mimic (Lair:1)
  2 komodo dragons
  A hill giant skeleton (D:7)
  2 blink frogs (Lair:8)
  5 yaks (Lair:6)
  2 redbacks (Lair:6)
  4 hippogriffs
  3 vampire mosquitoes (Lair:8)
  2 manticores
  An orc warrior (D:10)
  Menkaure (D:6)
  4 porcupines
  A sky beast (D:10)
  3 ogres
  7 crocodiles
  4 centaurs
  A big kobold (D:10)
  A giant slug (Lair:2)
  4 water moccasins
  A centaur zombie (D:9)
  11 giant frogs
  6 killer bees
  4 agate snails
  2 hounds
  A sky beast zombie (D:6)
  3 crimson imps
  A hound skeleton (D:6)
  7 iguanas
  6 orc wizards
  A worker ant (D:6)
  7 orange rats (Lair:7)
  6 sheep
  2 jellies (D:10)
  19 green rats
  An adder skeleton (D:7)
  An adder zombie (D:7)
  13 adders
  A giant mite (D:6)
  2 worms
  A giant eyeball (D:7)
  An ooze (D:1)
  7 orcs
  A ball python (D:1)
  5 bats
  5 goblins
  6 hobgoblins
  7 jackals
  4 quokkas
  A giant cockroach zombie (D:6)
  5 giant geckos
  A giant newt (D:6)
  A giant spore (D:6)
  8 kobolds
  An orc skeleton (D:4)
  An orc zombie (D:5)
  6 rats
  A rat skeleton (D:6)
222 creatures vanquished.

Vanquished Creatures (others)
  A hound (D:10)
  A giant spore (D:6)
  A jackal (D:6)
  3 plants (Lair:8)
6 creatures vanquished.

Grand Total: 228 creatures vanquished

Notes
Turn   | Place    | Note
--------------------------------------------------------------
     0 | D:1      | 4tharraofdagon, the Gargoyle Fire Elementalist, began the quest for the Orb.
     0 | D:1      | Reached XP level 1. HP: 14/14 MP: 3/3
    10 | D:1      | Identified a +0 cloak of preservation (You found it on level 1 of the Dungeon)
   301 | D:2      | Reached XP level 2. HP: 20/20 MP: 4/4
   615 | D:2      | HP: 1/20 [poisoned by an adder]
   817 | D:2      | Reached skill level 3 in Fire Magic
   817 | D:2      | Reached XP level 3. HP: 16/26 MP: 6/6
   822 | D:2      | Learned a level 3 spell: Conjure Flame
   949 | D:4      | Noticed an ogre
   989 | D:4      | Killed an ogre
   989 | D:4      | Reached XP level 4. HP: 16/33 MP: 1/8
   989 | D:4      | Reached XP level 5. HP: 18/38 MP: 1/9
  1028 | D:4      | Learned a level 4 spell: Sticky Flame
  1059 | D:4      | Noticed Prince Ribbit
  1066 | D:5      | Entered Level 5 of the Dungeon
  1124 | D:5      | Noticed a centaur
  1136 | D:5      | Killed a centaur
  1200 | D:5      | Reached skill level 4 in Conjurations
  1200 | D:5      | Reached XP level 6. HP: 33/45 MP: 4/12
  1294 | D:6      | Found Ihonteunepp's Antique Armour Shoppe.
  1334 | D:6      | Bought a runed leather armour for 60 gold pieces
  1397 | D:6      | Reached XP level 7. HP: 34/50 MP: 2/14
  1506 | D:6      | Noticed Menkaure
  1522 | D:6      | Killed Menkaure
  1522 | D:6      | Reached skill level 5 in Conjurations
  1522 | D:6      | Reached skill level 5 in Fire Magic
  1806 | D:7      | Found a burning altar of Makhleb.
  1893 | D:7      | Noticed a hill giant skeleton
  1901 | D:7      | Killed a hill giant skeleton
  1901 | D:7      | Reached skill level 6 in Conjurations
  1901 | D:7      | Reached XP level 8. HP: 52/57 MP: 12/17
  1920 | D:7      | Found a staircase to the Ecumenical Temple.
  1949 | Temple   | Entered the Ecumenical Temple
  1988 | Temple   | Became a worshipper of Sif Muna the Loreminder
  2314 | D:8      | Reached skill level 7 in Conjurations
  2460 | D:10     | Entered Level 10 of the Dungeon
  2494 | D:10     | Reached XP level 9. HP: 58/62 MP: 13/19
  2523 | D:10     | Acquired Sif Muna's first power
  2567 | D:10     | Reached skill level 1 in Invocations
  2574 | D:10     | 4tharraofdagon: uff
  2574 | D:10     | 4tharraofdagon: jelly might eat that stuff
  2622 | D:10     | Noticed an elephant slug
  2644 | D:10     | Killed an elephant slug
  2657 | D:10     | Noticed an elephant
  2658 | D:10     | Noticed a hill giant
  2684 | D:10     | Killed an elephant
  2733 | D:10     | Killed a hill giant
  2733 | D:10     | Reached skill level 5 in Spellcasting
  2733 | D:10     | Reached skill level 8 in Conjurations
  2794 | D:10     | Acquired Sif Muna's second power
  2809 | D:10     | Reached skill level 5 in Invocations
  2809 | D:10     | Reached XP level 10. HP: 33/69 MP: 17/21
  2875 | D:10     | Learned a level 5 spell: Fireball
  3068 | D:10     | Found a staircase to the Lair.
  3079 | Lair:1   | Entered Level 1 of the Lair of Beasts
  3110 | Lair:1   | Noticed a five-headed hydra
  3156 | Lair:1   | Killed a five-headed hydra
  3185 | Lair:1   | Reached skill level 9 in Conjurations
  3288 | Lair:2   | Noticed Grabo's ghost (experienced DrTm)
  3291 | Lair:2   | Noticed Harold
  3927 | Lair:3   | Found a staircase to the Shoals.
  3944 | Lair:4   | Noticed a black mamba
  3951 | Lair:4   | Killed a black mamba
  4147 | Lair:4   | Noticed Erica
  4157 | Lair:4   | Killed Erica
  4157 | Lair:4   | Acquired Sif Muna's third power
  4157 | Lair:4   | Reached XP level 11. HP: 24/74 MP: 1/25
  4330 | Lair:4   | Found a dark tunnel.
  4362 | Volcano  | Entered a volcano
  4482 | Lair:5   | Reached skill level 10 in Conjurations
  4515 | Lair:5   | Noticed a six-headed hydra
  4534 | Lair:5   | Killed a six-headed hydra
  4572 | Lair:6   | Found a staircase to the Snake Pit.
  4667 | Lair:6   | Learned a level 2 spell: Cure Poison
  4746 | Lair:6   | Reached skill level 11 in Conjurations
  4773 | Lair:6   | Reached skill level 10 in Fire Magic
  5049 | Lair:8   | Entered Level 8 of the Lair of Beasts
  5113 | Lair:8   | Received a gift from Sif Muna
  5114 | Lair:8   | Identified Sif Muna's Disquisition on Blistering Conjuration (Sif Muna gifted it to you on level 8 of the Lair of Beasts)
  5126 | Lair:8   | Learned a level 6 spell: Bolt of Fire
  5230 | Lair:8   | Reached XP level 12. HP: 26/81 MP: 14/27
  5268 | Lair:8   | Reached skill level 12 in Conjurations
  5366 | Lair:8   | HP: 4/81 [spiny frog (14)]
  5370 | Lair:8   | Slain by a spiny frog

Action                   |  1- 3 |  4- 6 |  7- 9 | 10-12 || total
-------------------------+-------+-------+-------+-------++-------
Melee: Glaive            |    44 |     7 |       |       ||    51
       Long sword        |       |    18 |    69 |    88 ||   175
 Cast: Flame Tongue      |    21 |    26 |    65 |    96 ||   208
       Conjure Flame     |     1 |     2 |    12 |    36 ||    51
       Sticky Flame      |       |       |    13 |    69 ||    82
       Fireball          |       |       |       |    32 ||    32
       Cure Poison       |       |       |       |     1 ||     1
       Bolt of Fire      |       |       |       |     8 ||     8
Invok: Channel Energy    |       |       |    17 |   124 ||   141
Evoke: Wand              |       |       |     6 |     2 ||     8
  Use: Potion            |     3 |       |     2 |     8 ||    13
       Scroll            |       |       |       |    12 ||    12
 Stab: Sleeping          |       |     1 |       |       ||     1
